 Dungeon Crawl Stone Soup version 0.27.1-3-gb3d3a73c9e (webtiles) character file.

Game seed: 2980383352473679541

126 BOMJPIETVODKU the Chopper (level 5, -1/46 HPs)
             Began as a Hill Orc Fighter on Oct 28, 2021.
             Splashed by a jelly's acid (4 damage)
             ... on level 1 of the Dungeon.
             The game lasted 00:03:34 (2160 turns).

BOMJPIETVODKU the Chopper (Hill Orc Fighter)        Turns: 2160, Time: 00:03:34

Health: -1/46      AC:  3    Str: 20    XL:     5   Next: 10%
Magic:  5/5        EV:  7    Int:  8    God:
Gold:   115        SH:  9    Dex: 10    Spells: 4/4 levels left

rFire    . . .     SeeInvis .   a - +0 war axe
rCold    . . .     Faith    .   c - +0 kite shield
rNeg     . . .     Spirit   .   b - +0 scale mail
rPois    .         Reflect  .   (no helmet)
rElec    .         Harm     .   (no cloak)
rCorr    .         Rampage  .   (no gloves)
Will     .....                  (no boots)
Stlth    ..........             (no amulet)
HPRegen  0.15/turn              (no ring)
MPRegen  0.09/turn              (no ring)

@: mighty, corroded
A: no striking features
a: no special abilities


You were on level 1 of the Dungeon.
You visited 1 branch of the dungeon, and saw 2 of its levels.

You collected 115 gold pieces.

Inventory:

Hand Weapons
 a - a +0 war axe (weapon)
Missiles
 h - 12 poisoned darts (quivered)
Armour
 b - a +0 scale mail (worn)
 c - a +0 kite shield (worn)
Potions
 d - a potion of might
 e - a potion of curing {unknown}
 f - 2 potions of lignification {unknown}
 g - a potion of invisibility {unknown}
 i - a potion of cancellation {unknown}
 j - a potion of brilliance {unknown}
 k - a potion of flight {unknown}


   Skills:
 + Level 4.2 Fighting
 * Level 4.6 Axes
 + Level 3.9 Armour
 + Level 0.3 Dodging
 + Level 0.2 Stealth
 + Level 4.1 Shields


You had 4 spell levels left.
You didn't know any spells.
Your spell library contained the following spells:

 Spells                   Type           Power      Damage    Failure   Level
 Sting                    Tmut/Pois      0%         1d3       99%         1
 Poisonous Vapours        Pois/Air       0%         N/A       100%        2
 Olgreb's Toxic Radiance  Pois           0%         N/A       100%        4
 Malign Gateway           Summ/Tloc      0%         N/A       100%        7
 Summon Horrible Things   Summ           0%         N/A       100%        8


Dungeon Overview and Level Annotations

Branches:
Dungeon (2/15)

Altars:


Message History

You barely miss the worm. You block the worm's attack.
You hit the worm.
The worm is almost dead.
You completely miss the worm. You block the worm's attack.
You hit the worm.
The worm is almost dead.
You hit the worm. You block the worm's attack.
The worm bites you but does no damage.
You hit the worm but do no damage.
The worm is almost dead.
You hit the worm. You block the worm's attack. x2
You hit the worm.
You kill the worm!
You hit the worm. You block the worm's attack.
You hit the jelly.
Your hands burn!
The jelly is moderately wounded.
You barely miss the worm. The jelly hits you. The acid corrodes you!
You are splashed with acid.
* * * LOW HITPOINT WARNING * * *
The worm bites you but does no damage.
You hit the jelly but do no damage.
Your hands burn!
* * * LOW HITPOINT WARNING * * *
The jelly is moderately wounded.
You hit the worm. The jelly hits you but does no damage.
You block the worm's attack.
You hit the jelly but do no damage.
Your hands burn!
* * * LOW HITPOINT WARNING * * *
The jelly is moderately wounded.
You hit the worm but do no damage. The jelly hits you but does no damage.
You block the jelly's attack. The worm bites you.
* * * LOW HITPOINT WARNING * * *
You feel very mighty all of a sudden. The jelly hits you but does no damage.
You slash the jelly!
Your hands burn!
* * * LOW HITPOINT WARNING * * *
The jelly is severely wounded.
You barely miss the worm. The jelly hits you but does no damage.
The worm completely misses you.
You hit the jelly.
Your hands burn!
You die...

#)#.###.......############......#
#.#.# #.####### ##........# #)#.#
#.###############..######## #.#.#
#.#.................## #.#.#
#.#.###+#######'###..###### #.#.#
#.#.#..⌠...>...⌠..#........
#.#.###.#.#......<......#........
#.#.......'⌠....###....⌠+........
#'#####...#.....@w......#........
...# #...#######J#######........
...####...#.....JJ..?...#..######
)..'......#.............#..#
...#####..#.............#..# ...#
#..###############..# ...#
#...................# ...#
#.############......# ...# ###
########


You could see a worm, a jelly and 2 endoplasms.

Vanquished Creatures
  A jelly (D:1)
  3 adders (D:2)
  2 worms (D:1)
  2 dart slugs
  5 ball pythons
  6 endoplasms
  5 giant cockroaches
  8 goblins
  4 hobgoblins (D:1)
  3 jackals (D:1)
  A quokka (D:1)
  3 bats
  7 frilled lizards
  7 kobolds
  3 rats
60 creatures vanquished.

Notes
Turn   | Place    | Note
-------+----------+-------------------------------------------
     0 | D:1      | BOMJPIETVODKU the Hill Orc Fighter began the quest for the
                  | Orb.
     0 | D:1      | Reached XP level 1. HP: 19/19 MP: 1/1
     1 | D:1      | Found a runed translucent door.
     2 | D:1      | Noticed a jelly
     3 | D:1      | Noticed a jelly
   262 | D:1      | Reached XP level 2. HP: 20/27 MP: 2/2
   797 | D:1      | Reached XP level 3. HP: 33/33 MP: 3/3
  1219 | D:2      | Reached XP level 4. HP: 38/40 MP: 4/4
  1391 | D:2      | Noticed a scorpion
  1614 | D:2      | Found a faded altar of an unknown god.
  2142 | D:1      | Reached XP level 5. HP: 36/46 MP: 5/5
  2159 | D:1      | HP: 2/46 [acid (2)]
  2160 | D:1      | Splashed by a jelly's acid

Illustrated notes

Levels and vault maps discovered:
D:1:      dpeg_arrival_caged_fury, layout_basic
D:2:      cheibrodos_old_hovel, layout_basic, basic_ecumenical_altar,
          lightli_corner_chamber

Skill      XL: |  1  2  3  4 |
---------------+-------------+-----
Axes           | 3 4 |  4.6
Fighting       | 4 |  4.2
Shields        | 4 |  4.1
Armour         | |  3.9
Dodging        | |  0.3
Stealth        | |  0.2

Action                   |  1- 3 |  4- 6 || total
-------------------------+-------+-------++-------
Melee: War axe           |    97 |    90 ||   187
Throw: Dart              |     1 |       ||     1
  Use: Scroll            |       |     1 ||     1
       Potion            |       |     1 ||     1
Armor: Scale mail        |    36 |    51 ||    87
Dodge: Dodged            |    33 |    28 ||    61
Block: Kite shield       |    56 |    47 ||   103
